[Event "WYCC 2018 G16"]
[Site "Halkidiki"]
[Date "2018.10.22"]
[Round "4"]
[White "Cotun, Mihaela"]
[Black "Djidjeli, Sarah"]
[Result "0-1"]
[ECO "B22"]
[WhiteElo "1482"]
[BlackElo "1952"]
[Annotator "NA"]
[PlyCount "130"]
[EventDate "2018.10.20"]
[EventType "swiss"]
[EventCountry "GRE"]
[SourceTitle "playchess.com"]
[Source "ChessBase"]
[SourceQuality "1"]
[TimeControl "40/5400+30:1800+30"]

1. e4 c5 2. c3 d6 3. d4 Nf6 4. Bd3 g6 5. Nf3 Bg7 6. h3 O-O 7. Be3 Na6 8. a3 b6 9. b4 Nd7 10. Qd2 Nc7 11. a4 Bb7 12. O-O Rc8 13. Re1 Re8 14. Na3 Nf6 15. Bh6 Ne6 16. d5 Nc7 17. Bxg7 Kxg7 18. b5 e6 19. c4 Ra8 20. Nc2 a5 21. Qc3 e5 22. Ne3 Bc8 23. Nf1 Nh5 24. Ng3 Nf4 25. Ne2 Qf6 26. Nxf4 Qxf4 27. Qc1 Qf6 28. Qg5 Qe7 29. Qxe7 Rxe7 30. Re2 Ne8 31. Kh2 Bd7 32. Rf1 f5 33. Nh4 Kf6 34. g3 Ng7 35. f4 exf4 36. gxf4 Rae8 37. Rfe1 fxe4 38. Bxe4 Nh5 39. Ng2 Bf5 40. Bf3 Rxe2 41. Bxe2 Ng7 42. Bd1 Rxe1 43. Nxe1 Be4 44. Kg3 Bb1 45. Bb3 Nf5+ 46. Kf2 Nd4 47. Bd1 Ba2 48. Ng2 Bxc4 49. Ne3 Bd3 50. Ke1 Nf5 51. Ng4+ Ke7 52. Bb3 Nd4 53. Bd1 Nf5 54. Bb3 Bb1 55. Kd2 h5 56. Ne3 Nxe3 57. Kxe3 Kf6 58. h4 Kf5 59. Kf3 Bd3 60. Ke3 Be4 61. Bc4 Bc2 62. Kf3 Bxa4 63. Bd3+ Kf6 64. Ke2 Bb3 65. Ke3 Bxd5 {[%emt 0:00:07] Kd4 Ke5+} 0-1

[Event "WYCC 2018 G16"]
[Site "Halkidiki"]
[Date "2018.10.22"]
[Round "4"]
[White "Quintana Chanduvi, Daniela Sofia"]
[Black "Puppi Lazo, Stephanie Beatriz"]
[Result "0-1"]
[ECO "B90"]
[WhiteElo "1400"]
[BlackElo "1847"]
[Annotator "NA"]
[PlyCount "76"]
[EventDate "2018.10.20"]
[EventType "swiss"]
[EventCountry "GRE"]
[SourceTitle "playchess.com"]
[Source "ChessBase"]
[SourceQuality "1"]
[TimeControl "40/5400+30:1800+30"]

1. e4 c5 2. Nf3 d6 3. Nc3 Nf6 4. Bc4 a6 5. d4 cxd4 6. Nxd4 e6 7. Bb3 Nc6 8. Be3 Be7 9. Qe2 Qc7 10. O-O-O O-O 11. f3 b5 12. Kb1 Bd7 13. Nxc6 Bxc6 14. a3 Qb7 15. Qd3 a5 16. Ba2 b4 17. Ne2 Bb5 18. Bc4 Bxc4 19. Qxc4 bxa3 20. Qb3 Qxb3 21. cxb3 axb2 22. Kxb2 Rfb8 23. Ra1 a4 24. Nd4 e5 25. Nc2 Rxb3+ 26. Kc1 d5 27. exd5 Nxd5 28. Bd2 a3 29. Kd1 Rc8 30. Re1 a2 31. Ne3 Nf4 32. Ba5 Rd3+ 33. Bd2 Ba3 34. Nc2 Rcd8 35. Nxa3 Rxd2+ 36. Kc1 Rxg2 37. Rf1 Rdd2 38. Nc4 Nd3# 0-1

[Event "WYCC 2018 G16"]
[Site "Halkidiki"]
[Date "2018.10.23"]
[Round "5"]
[White "Maltsevskaya, Aleksandra"]
[Black "Cervantes Landeiro, Thalia"]
[Result "1/2-1/2"]
[ECO "A09"]
[WhiteElo "2290"]
[BlackElo "2129"]
[Annotator "NA"]
[PlyCount "93"]
[EventDate "2018.10.20"]
[EventType "swiss"]
[EventCountry "GRE"]
[SourceTitle "playchess.com"]
[Source "ChessBase"]
[SourceQuality "1"]
[TimeControl "40/5400+30:1800+30"]

1. Nf3 d5 2. c4 d4 3. g3 c5 4. b4 cxb4 5. a3 bxa3 6. Bg2 Nc6 7. Bxa3 Nf6 {[%emt 0:01:28] A09: Reti-Eröffnung} (7... e5 8. Bxf8 Kxf8 9. d3 g6 10. O-O Kg7 11. Nbd2 Nf6 12. Qb3 h6 13. Qb2 Re8 14. Ra3 Re7 15. e3 dxe3 16. fxe3 {½-½ (31) So,W (2788)-Adams,M (2715) London 2017}) 8. O-O g6 9. d3 Bg7 10. Nbd2 O-O {[%emt 0:06:18] LiveBook: 17 Games} 11. Nb3 Re8 12. Nc5 Rb8 13. Nd2 Qc7 $146 14. Qa4 Nd7 15. Na6 bxa6 16. Qxc6 Qd8 17. Qa4 Bh6 18. Ne4 $14 Bb7 19. Rfb1 Qc8 20. Qa5 Bg7 21. Bc1 Be5 22. Ba3 Bg7 23. Rb2 Bc6 24. Rab1 Rb6 25. Nc5 Bxg2 26. Kxg2 Qc6+ 27. f3 Nxc5 28. Qxc5 Qe6 29. Kf2 Reb8 30. Rxb6 Rxb6 31. Ra1 Bf6 32. Bc1 Qc6 33. Qa5 Kg7 34. Bf4 e6 35. Be5 Qc8 36. Bxf6+ Kxf6 37. h4 Qc7 38. Qg5+ Kg7 39. Ra5 h6 40. Qg4 Rd6 41. Ra2 Qc5 42. Qf4 Rb6 43. Qd2 Qf5 44. Kg2 Qe5 45. Kf2 Qf5 46. Kg2 Qe5 47. Kf2 1/2-1/2

[Event "WYCC 2018 G16"]
[Site "Halkidiki"]
[Date "2018.10.23"]
[Round "5"]
[White "Muetsch, Annmarie"]
[Black "Nestorovic, Katarina"]
[Result "1-0"]
[ECO "B80"]
[WhiteElo "2206"]
[BlackElo "2015"]
[Annotator "NA"]
[PlyCount "87"]
[EventDate "2018.10.20"]
[EventType "swiss"]
[EventCountry "GRE"]
[SourceTitle "playchess.com"]
[Source "ChessBase"]
[SourceQuality "1"]
[TimeControl "40/5400+30:1800+30"]

1. e4 c5 2. Nf3 e6 3. d4 cxd4 4. Nxd4 Nf6 5. Nc3 d6 {[%emt 0:00:03] LiveBook: 12461 Games} 6. Be3 a6 7. g4 b5 8. g5 Nfd7 9. h4 Bb7 10. Bg2 Nc6 11. Qh5 g6 12. Qe2 h6 13. O-O-O b4 {[%emt 0:19:49] [#]} 14. Nb1 $11 (14. Nd5 $1 $16) 14... hxg5 15. hxg5 Nxd4 16. Rxd4 Rxh1+ 17. Bxh1 a5 18. f4 Qc7 19. a3 Ba6 20. Qh2 Nc5 21. Kd1 Bg7 22. axb4 Na4 23. e5 dxe5 24. fxe5 Bxe5 25. Bf4 Rd8 26. Bxe5 Rxd4+ 27. Ke1 Qc4 28. Bxd4 Qxd4 29. Bc6+ Kf8 30. Bxa4 Qe3+ 31. Kd1 Qf3+ 32. Kd2 Qd5+ 33. Kc1 Qxg5+ 34. Nd2 Kg7 35. bxa5 Qxa5 36. b3 Qc3 37. Nb1 Qe3+ 38. Qd2 Qg1+ 39. Kb2 Qf1 40. Qd4+ Kh7 41. Nd2 Qf5 42. Ne4 e5 43. Qd5 Kg7 44. Be8 1-0

[Event "WYCC 2018 G16"]
[Site "Halkidiki"]
[Date "2018.10.23"]
[Round "5"]
[White "Makhija, Aashna"]
[Black "Sosa Suarez, Carla Cristina"]
[Result "1-0"]
[ECO "C50"]
[WhiteElo "2197"]
[BlackElo "2025"]
[Annotator "NA"]
[PlyCount "81"]
[EventDate "2018.10.20"]
[EventType "swiss"]
[EventCountry "GRE"]
[SourceTitle "playchess.com"]
[Source "ChessBase"]
[SourceQuality "1"]
[TimeControl "40/5400+30:1800+30"]

1. e4 e5 2. Nf3 Nc6 3. Bc4 Nf6 4. d3 Bc5 5. O-O O-O 6. a4 h6 7. c3 a5 {[%emt 0:02:58] LiveBook: 10 Games} 8. d4 Bb6 9. dxe5 Nxe4 10. Bd5 $11 Nxf2 11. Rxf2 d6 12. Bxc6 bxc6 13. exd6 Bg4 14. Bf4 Qf6 15. Bg3 Rab8 16. dxc7 Bxf2+ 17. Bxf2 Rxb2 18. Nbd2 Qe7 19. Nc4 Re2 20. Bg3 Qe4 21. Ncd2 Qe3+ 22. Kh1 f5 23. Bd6 Re8 24. h3 Bh5 25. Rb1 Qd3 26. Bf4 Kh7 27. Rb8 Bxf3 28. Rxe8 Bxg2+ 29. Kg1 Rxe8 30. Kxg2 g5 31. Qh5 Qd5+ 32. Kf2 Qc5+ 33. Kf1 Qe7 34. Bg3 f4 35. Bf2 Qe6 36. Qf3 Qd6 37. Ne4 Qe6 38. Qd3 Kg8 39. Nd6 f3 40. Nxe8 Qxh3+ 41. Ke1 1-0

[Event "WYCC 2018 G16"]
[Site "Halkidiki"]
[Date "2018.10.23"]
[Round "5"]
[White "Hilario, Aleyla"]
[Black "Kucharska, Honorata"]
[Result "1/2-1/2"]
[ECO "A70"]
[WhiteElo "2175"]
[BlackElo "2073"]
[Annotator "NA"]
[PlyCount "50"]
[EventDate "2018.10.20"]
[EventType "swiss"]
[EventCountry "GRE"]
[SourceTitle "playchess.com"]
[Source "ChessBase"]
[SourceQuality "1"]
[TimeControl "40/5400+30:1800+30"]

1. d4 Nf6 2. c4 c5 3. d5 e6 4. Nc3 exd5 5. cxd5 d6 6. e4 g6 7. Nf3 Bg7 8. Bd3 a6 9. a4 Bg4 10. Bf4 O-O 11. h3 Bxf3 12. Qxf3 Qe7 13. O-O Nbd7 $11 14. Qe2 Ne5 15. Bc2 Nfd7 16. Bh2 c4 17. f4 Nd3 18. Bxd3 cxd3 19. Qf3 Nc5 20. Rae1 d2 21. Re2 Nb3 22. Qg3 Rac8 23. e5 f5 24. Nd1 Nc5 25. Nc3 Nb3 1/2-1/2

[Event "WYCC 2018 G16"]
[Site "Halkidiki"]
[Date "2018.10.23"]
[Round "5"]
[White "Serikbay, Assel"]
[Black "Meenal Gupta"]
[Result "1-0"]
[ECO "A62"]
[WhiteElo "2166"]
[BlackElo "2065"]
[Annotator "NA"]
[PlyCount "89"]
[EventDate "2018.10.20"]
[EventType "swiss"]
[EventCountry "GRE"]
[SourceTitle "playchess.com"]
[Source "ChessBase"]
[SourceQuality "1"]
[TimeControl "40/5400+30:1800+30"]

1. d4 Nf6 2. c4 e6 3. g3 c5 4. d5 exd5 {[%emt 0:00:00] LiveBook: 2555 Games} 5. cxd5 d6 6. Nc3 g6 7. Bg2 Bg7 8. Nf3 O-O 9. O-O Re8 10. Bf4 a6 11. a4 Nh5 12. Bd2 {[%emt 0:04:51] A62: Modern Benoni: Fianchetto Variation without early ...Nbd7} Nd7 13. Qc1 $146 ({Predecessor:} 13. e4 Ne5 14. Nxe5 Bxe5 15. a5 Bd7 16. Qb3 Rb8 17. Ra2 b5 18. axb6 Qxb6 19. Qxb6 Rxb6 {0-1 (33) Volokitin,A (2674)-Mastrovasilis,A (2554) Yerevan 2014}) 13... Rb8 14. a5 b5 15. axb6 Nxb6 16. Bg5 $11 f6 17. Bh6 Bxh6 18. Qxh6 Nc4 19. Qc1 Qb6 20. b3 Ne5 21. Nd2 f5 22. Nc4 Nxc4 23. bxc4 Bd7 24. Ra2 a5 25. Qa1 Qa6 26. Rxa5 Qxc4 27. Ra6 Rb3 28. Rc1 Qb4 29. Bf3 c4 30. Bxh5 gxh5 31. Ra7 Re7 32. e4 f4 33. Ne2 Qd2 34. Qf6 fxg3 35. hxg3 Qxe2 36. Qg5+ Kf7 37. Qf4+ Kg7 38. Qg5+ Kf7 39. Qf4+ Kg7 40. Qxd6 Qxe4 41. Rxd7 Rxd7 42. Qxd7+ Kf6 43. Qc6+ Ke5 44. Qe6+ Kd4 45. Rxc4+ 1-0

[Event "WYCC 2018 G16"]
[Site "Halkidiki"]
[Date "2018.10.23"]
[Round "5"]
[White "Peycheva, Gergana"]
[Black "Beydullayeva, Govhar"]
[Result "0-1"]
[ECO "E12"]
[WhiteElo "2152"]
[BlackElo "2202"]
[Annotator "ChessBase"]
[PlyCount "154"]
[EventDate "2018.10.20"]
[EventType "swiss"]
[EventCountry "GRE"]
[SourceTitle "playchess.com"]
[Source "ChessBase"]
[SourceQuality "1"]
[TimeControl "40/5400+30:1800+30"]

1. d4 e6 2. c4 Nf6 3. Nf3 b6 4. a3 Bb7 5. Nc3 d5 6. cxd5 Nxd5 7. e3 Nxc3 8. bxc3 g6 9. Bb5+ c6 10. Bd3 Bg7 11. O-O O-O 12. Qe2 c5 13. Rd1 Qc7 14. e4 Nd7 15. Bg5 Nf6 16. Bxf6 Bxf6 17. Ba6 Bxa6 18. Qxa6 Rfd8 19. Qe2 Rac8 20. e5 Be7 21. a4 cxd4 22. cxd4 Qc4 23. Qe3 Qd5 24. h4 h5 25. Rdc1 Kg7 26. Qe2 Qb7 27. Qb2 Rxc1+ 28. Rxc1 Rc8 29. Ra1 Qe4 30. a5 Rc2 31. Qb1 Qe2 32. Qe1 b5 33. Qxe2 Rxe2 34. Kf1 Rc2 35. a6 b4 36. Rb1 Rc6 37. Ke2 Rxa6 38. g3 Rc6 39. Nd2 a5 40. Ra1 Ra6 41. Ra4 Kf8 42. Kd3 Bd8 43. Nb3 Ke7 44. f4 Ra8 45. Nc5 Bb6 46. Kc4 Kd8 47. Nd3 Rc8+ 48. Nc5 Kc7 49. Ne4 Kc6 50. Ra1 Kb7+ 51. Nc5+ Ka7 52. Ra2 Rd8 53. Ra1 Rc8 54. Ra2 Bd8 55. Kb5 Rb8+ 56. Kc4 Bc7 57. Ra4 Rd8 58. Ra1 Kb6 59. Nb3 Ra8 60. Nc5 Bd8 61. Na4+ Kc6 62. Nc5 Be7 63. Ra2 Kb6 64. Nd7+ Ka6 65. Nc5+ Bxc5 66. dxc5 Rd8 67. Rc2 Rd1 68. c6 Kb6 69. c7 Kxc7 70. Kb5+ Kd7 71. Kxa5 b3 72. Rb2 Rd3 73. Kb4 Rxg3 74. Rxb3 Rg4 75. Kc5 Rxf4 76. Rb7+ Ke8 77. Rb8+ Ke7 {[%emt 0:00:05] Kd4} 0-1

[Event "WYCC 2018 G16"]
[Site "Halkidiki"]
[Date "2018.10.23"]
[Round "5"]
[White "Schulze, Lara"]
[Black "Skaslien, Ingrid"]
[Result "1-0"]
[ECO "B32"]
[WhiteElo "2122"]
[BlackElo "1885"]
[Annotator "NA"]
[PlyCount "97"]
[EventDate "2018.10.20"]
[EventType "swiss"]
[EventCountry "GRE"]
[SourceTitle "playchess.com"]
[Source "ChessBase"]
[SourceQuality "1"]
[TimeControl "40/5400+30:1800+30"]

1. e4 c5 2. Nf3 Nc6 3. d4 cxd4 4. Nxd4 e5 5. Nb5 d6 6. N1c3 a6 7. Na3 b5 8. Nd5 Nge7 9. c4 Nd4 10. Be3 Nxd5 11. cxd5 g6 12. Bd3 Bg7 13. O-O O-O 14. Nc2 $14 {[%emt 0:00:35] LiveBook: 11 Games} f5 15. f3 Bd7 16. Rc1 Rc8 17. Qd2 f4 18. Bxd4 exd4 19. Qf2 Bf6 20. Nxd4 Qb6 21. Nc6 Rxc6 22. Rxc6 Qxf2+ 23. Kxf2 Bxc6 24. dxc6 Rc8 25. Rc1 Bxb2 26. Rc2 Bd4+ 27. Ke2 Kf7 28. a4 bxa4 29. Bxa6 Rc7 30. Rc4 Bc5 31. Bb7 a3 32. Ra4 Ke6 33. Ra8 Kf7 34. Kd3 Ke7 35. Kc4 Ke6 36. Re8+ Kf7 37. Rh8 Ke6 38. Ra8 Re7 39. Bc8+ Kf7 40. Bd7 Bb6 41. Kb5 Bc7 42. Rxa3 Re5+ 43. Ka6 Rc5 44. Kb7 Bd8 45. Kc8 Bb6 46. Ra6 Ba5 47. Rxa5 Rxa5 48. c7 Ra1 49. Kd8 1-0

[Event "WYCC 2018 G16"]
[Site "Halkidiki"]
[Date "2018.10.23"]
[Round "5"]
[White "Grigorieva, Yulia"]
[Black "Shanya Mishra"]
[Result "1-0"]
[ECO "D70"]
[WhiteElo "2112"]
[BlackElo "1924"]
[Annotator "NA"]
[PlyCount "91"]
[EventDate "2018.10.20"]
[EventType "swiss"]
[EventCountry "GRE"]
[SourceTitle "playchess.com"]
[Source "ChessBase"]
[SourceQuality "1"]
[TimeControl "40/5400+30:1800+30"]

1. d4 d5 2. c4 c6 3. Nf3 Nf6 4. Nbd2 Bf5 5. Nh4 Be4 6. f3 Bg6 7. e3 e6 8. Nxg6 hxg6 9. f4 Nbd7 10. Nf3 Ne4 11. Bd3 Bb4+ 12. Ke2 Ndf6 13. Bd2 Be7 14. Qc2 c5 15. cxd5 Qxd5 16. Qa4+ Kf8 17. Rhc1 g5 18. fxg5 Nxg5 19. Qc4 Nxf3 20. Qxd5 exd5 21. Kxf3 c4 22. Bc2 Rxh2 23. Rh1 Rxh1 24. Rxh1 Kg8 25. e4 Nxe4 26. Bxe4 dxe4+ 27. Kxe4 Bf6 28. Bc3 b5 29. d5 Be7 30. Be5 f6 31. Bc7 Bd8 32. Bxd8 Rxd8 33. Kd4 Kf7 34. Re1 Re8 35. Rxe8 Kxe8 36. Kc5 a6 37. a3 Kd7 38. Kb6 f5 39. Kxa6 f4 40. Kxb5 g5 41. Kxc4 g4 42. Kd3 Kd6 43. Ke4 f3 44. Ke3 fxg2 45. Kf2 Kxd5 46. Kxg2 1-0

[Event "WYCC 2018 G16"]
[Site "Halkidiki"]
[Date "2018.10.23"]
[Round "5"]
[White "Bulatova, Kamaliya"]
[Black "Zhang, Xiao"]
[Result "1/2-1/2"]
[ECO "D20"]
[WhiteElo "2108"]
[BlackElo "1980"]
[Annotator "NA"]
[PlyCount "140"]
[EventDate "2018.10.20"]
[EventType "swiss"]
[EventCountry "GRE"]
[SourceTitle "playchess.com"]
[Source "ChessBase"]
[SourceQuality "1"]
[TimeControl "40/5400+30:1800+30"]

1. d4 d5 2. c4 dxc4 3. e4 e5 4. Nf3 exd4 5. Bxc4 {[%emt 0:00:00] LiveBook: 993 Games} Bb4+ 6. Nbd2 Nc6 7. O-O Nf6 8. e5 Nd5 9. Ne4 Bf5 10. Qe2 O-O 11. a3 Be7 12. h3 Re8 13. Rd1 Bf8 14. Bb5 $11 f6 15. Ng3 Bg6 16. Bxc6 bxc6 17. Nxd4 Rxe5 18. Qc4 Qe8 19. Bf4 Bf7 20. Bxe5 Ne3 21. Qc3 Nxd1 22. Rxd1 Qxe5 23. Re1 Qc5 24. Qxc5 Bxc5 25. Nxc6 Re8 26. Rc1 Bd6 27. Nf5 Bf4 28. Ra1 g6 29. g3 Bg5 30. h4 gxf5 31. hxg5 fxg5 32. Nxa7 Bd5 33. Nb5 c6 34. Nc7 Rb8 35. Nxd5 cxd5 36. Rd1 Rxb2 37. Rxd5 Ra2 38. Rxf5 Rxa3 39. Rxg5+ Kf7 40. Kg2 Kf6 41. Rb5 Rc3 42. g4 Kg6 43. f3 Ra3 44. Kg3 Ra4 45. Rb6+ Kg7 46. g5 Rc4 47. f4 Rc5 48. Kg4 Kf7 49. Rb7+ Kg8 50. Re7 Ra5 51. Re5 Ra8 52. Rb5 Kg7 53. Rb7+ Kg8 54. Rb4 Kg7 55. f5 Ra7 56. Kh5 Ra1 57. Rb7+ Kg8 58. g6 Rh1+ 59. Kg5 Rg1+ 60. Kf6 hxg6 61. Rg7+ Kf8 62. Rxg6 Ra1 63. Rg2 Ra6+ 64. Kg5 Kf7 65. Rh2 Kg7 66. Rb2 Ra7 67. Rb6 Rc7 68. Rh6 Rc1 69. f6+ Kg8 70. Rg6+ Kf8 1/2-1/2

[Event "WYCC 2018 G16"]
[Site "Halkidiki"]
[Date "2018.10.23"]
[Round "5"]
[White "Salonika, Saina"]
[Black "Yurasova, Daria"]
[Result "1/2-1/2"]
[ECO "C43"]
[WhiteElo "2093"]
[BlackElo "2193"]
[Annotator "NA"]
[PlyCount "131"]
[EventDate "2018.10.20"]
[EventType "swiss"]
[EventCountry "GRE"]
[SourceTitle "playchess.com"]
[Source "ChessBase"]
[SourceQuality "1"]
[TimeControl "40/5400+30:1800+30"]

1. e4 e5 2. Nf3 Nf6 3. d4 Nxe4 4. dxe5 d5 5. Bd3 Nc5 6. Be2 Be7 7. Nc3 c6 8. Nd4 O-O 9. O-O f6 10. exf6 $11 Bxf6 11. Be3 Ne6 12. Nxe6 Bxe6 13. Bc5 Be7 14. Bxe7 Qxe7 15. Bd3 Qf7 16. Ne2 c5 17. c3 Nc6 18. Qc2 g6 19. Ng3 c4 20. Be2 d4 21. cxd4 Nxd4 22. Qe4 Nxe2+ 23. Qxe2 Rae8 24. Qc2 Bd5 25. Rad1 b5 26. a3 Qb7 27. f3 Re6 28. Qd2 Bc6 29. Rfe1 Qb6+ 30. Qf2 Qxf2+ 31. Kxf2 Rfe8 32. Rxe6 Rxe6 33. Rd8+ Kf7 34. Ne2 Be8 35. Nc3 Rb6 36. Nd5 Rb7 37. Rd6 a5 38. Ke3 b4 39. axb4 axb4 40. Rb6 Rxb6 41. Nxb6 Bb5 42. Nd5 c3 43. bxc3 bxc3 44. Nxc3 Bc6 45. Kf4 h6 46. Ke5 g5 47. Nd5 Bb5 48. Ne3 Be2 49. Nf5 Kg6 50. Nd4 Bd3 51. g3 Bb1 52. f4 gxf4 53. gxf4 Kh5 54. f5 Kh4 55. f6 Bg6 56. Ne2 Bf7 57. Nf4 Kg4 58. h3+ Kh4 59. Kd6 Kg3 60. Ke7 Bg8 61. Ne6 Kxh3 62. Nd8 Kg4 63. Nf7 Kh5 64. Kf8 Kg6 65. Nxh6 Kxf6 66. Nxg8+ 1/2-1/2

[Event "WYCC 2018 G16"]
[Site "Halkidiki"]
[Date "2018.10.23"]
[Round "5"]
[White "Rudzinska, Michalina"]
[Black "Hovhannisyan, Mane"]
[Result "1-0"]
[ECO "B18"]
[WhiteElo "2073"]
[BlackElo "1730"]
[Annotator "NA"]
[PlyCount "35"]
[EventDate "2018.10.20"]
[EventType "swiss"]
[EventCountry "GRE"]
[SourceTitle "playchess.com"]
[Source "ChessBase"]
[SourceQuality "1"]
[TimeControl "40/5400+30:1800+30"]

1. e4 c6 2. d4 d5 3. Nc3 dxe4 4. Nxe4 Bf5 5. Ng3 Bg6 6. Bc4 {[%emt 0:00:07] LiveBook: 756 Games} e6 7. N1e2 Bd6 8. Nf4 Qc7 9. Ngh5 Kf8 10. Qf3 Qe7 11. Nxe6+ Ke8 12. Nhxg7+ Kd7 13. Bg5 f6 14. Bf4 Bxc2 15. O-O $18 Kc8 16. Rfe1 b6 17. Ba6+ Nxa6 18. Qxc6+ 1-0

[Event "WYCC 2018 G16"]
[Site "Halkidiki"]
[Date "2018.10.23"]
[Round "5"]
[White "Srdanovic, Jovana"]
[Black "Solozhenkina, Elizaveta"]
[Result "1-0"]
[ECO "A46"]
[WhiteElo "2072"]
[BlackElo "2276"]
[Annotator "NA"]
[PlyCount "113"]
[EventDate "2018.10.20"]
[EventType "swiss"]
[EventCountry "GRE"]
[SourceTitle "playchess.com"]
[Source "ChessBase"]
[SourceQuality "1"]
[TimeControl "40/5400+30:1800+30"]

1. d4 Nf6 2. Nf3 e6 3. Bg5 h6 4. Bh4 d6 5. c3 {[%emt 0:03:56] A46: 1 d4 Nf6 2 Nf3 e6: Torre, London and Colle Systems} (5. h3 d5 6. Nbd2 c5 7. e3 Nc6 8. c3 Bd6 9. Bd3 c4 10. Bc2 g5 11. Bg3 Bxg3 12. fxg3 Qd6 {1-0 (38) Korobov,A (2678)-Fedoseev,V (2706) Poikovsky 2018}) 5... g5 6. Bg3 Nh5 7. e3 Bg7 8. Nfd2 Nxg3 9. hxg3 b6 10. Qf3 d5 $146 ({Predecessor:} 10... c6 11. Bc4 Bb7 12. Bd3 Nd7 13. Na3 {1-0 (46) Svaljek,R (1958)-Bogdanic,K (1842) Sibenik 2016}) 11. a4 c5 12. Qh5 Nd7 13. Bb5 O-O 14. Bxd7 Bxd7 15. f4 Be8 16. Qe2 f6 17. a5 Bg6 18. Qb5 Qc7 19. O-O Rfb8 20. Qa6 c4 21. Na3 Be8 22. Nc2 Bd7 23. axb6 Qxb6 24. Qxb6 Rxb6 25. Ra2 a5 26. e4 a4 27. f5 dxe4 28. Nxc4 Rc6 29. N4e3 exf5 30. Nxf5 Bf8 31. Nfe3 Ra5 32. b4 axb3 33. Rxa5 bxc2 34. Nd5 Bg4 35. Rc1 Bd1 36. Ne3 Rxc3 37. Nxd1 cxd1=Q+ 38. Rxd1 Rxg3 39. Kf2 Rb3 40. Re1 Rb2+ 41. Re2 Rb7 $16 42. Rxe4 Rd7 43. Ke3 Kf7 44. g4 Bd6 45. Ra6 Bf4+ 46. Kd3 Bd6 47. Kc4 Rc7+ 48. Kd5 Be7 49. Ree6 Rd7+ 50. Ke4 Rb7 51. Reb6 Rc7 52. Rb8 Rc1 53. Ra7 Re1+ 54. Kd3 f5 55. gxf5 g4 56. Rb6 g3 57. Rg6 1-0

[Event "WYCC 2018 G16"]
[Site "Halkidiki"]
[Date "2018.10.23"]
[Round "5"]
[White "Urh, Zala"]
[Black "Berdnyk, Mariia"]
[Result "1/2-1/2"]
[ECO "E90"]
[WhiteElo "2066"]
[BlackElo "2179"]
[Annotator "NA"]
[PlyCount "134"]
[EventDate "2018.10.20"]
[EventType "swiss"]
[EventCountry "GRE"]
[SourceTitle "playchess.com"]
[Source "ChessBase"]
[SourceQuality "1"]
[TimeControl "40/5400+30:1800+30"]

1. d4 Nf6 2. c4 g6 3. Nc3 Bg7 4. e4 d6 5. Nf3 O-O 6. h3 e5 7. d5 a5 8. g4 Na6 9. Be3 Nd7 10. Nd2 Ndc5 11. Nb3 Bd7 12. Nxc5 Nxc5 13. Qc2 a4 14. O-O-O $11 a3 15. b3 Na6 16. Kb1 Qe7 17. Qd2 Rfc8 18. f3 Qf8 19. h4 h6 20. Bh3 Rd8 21. Rh2 Be8 22. Rg1 c5 23. Bf1 Nc7 24. Bd3 Rdb8 25. Qe2 b5 26. cxb5 Rb7 27. Rc1 Rab8 28. Bc4 Nxb5 29. Nxb5 Bxb5 30. Bxb5 Rxb5 31. h5 g5 32. Rc4 Qe8 33. Rh1 Ra8 34. Qd3 Bf6 35. Kc2 Bd8 36. Bd2 Rb7 37. Rd1 Ba5 38. Ra4 Bxd2 39. Rxa8 Qxa8 40. Kxd2 Rb4 41. Ke3 Rd4 42. Qc2 Qa7 43. Ke2 Qa6+ 44. Ke3 Qb6 45. Ke2 Qb5+ 46. Ke3 Kg7 47. Rc1 Qa5 48. Ke2 Qd8 49. Qc3 Qb6 50. Qc2 Qb5+ 51. Ke3 Kh7 52. Qc3 Qb6 53. Ke2 Qa6+ 54. Ke3 Qa8 55. Ke2 Qd8 56. Rc2 f5 57. exf5 Qa8 58. Rd2 Qxd5 59. Rxd4 exd4 60. Qd3 Kg7 61. Qe4 Qf7 62. Kd3 Qd7 63. Kd2 d5 64. Qe5+ Kf7 65. Qh8 Qd6 66. Qh7+ Kf8 67. Qh8+ Kf7 1/2-1/2

[Event "WYCC 2018 G16"]
[Site "Halkidiki"]
[Date "2018.10.23"]
[Round "5"]
[White "Aubert, Estee"]
[Black "Tejasvi M"]
[Result "1-0"]
[ECO "C60"]
[WhiteElo "2064"]
[BlackElo "1869"]
[Annotator "NA"]
[PlyCount "89"]
[EventDate "2018.10.20"]
[EventType "swiss"]
[EventCountry "GRE"]
[SourceTitle "playchess.com"]
[Source "ChessBase"]
[SourceQuality "1"]
[TimeControl "40/5400+30:1800+30"]

1. e4 e5 2. Nf3 Nc6 3. Bb5 g6 4. d3 Bg7 5. O-O a6 6. Ba4 Nge7 7. c3 O-O $11 {[%emt 0:06:55] LiveBook: 10 Games} 8. Nbd2 d6 9. Re1 h6 10. Nf1 Kh7 11. d4 Bg4 12. d5 Bxf3 13. Qxf3 Nb8 14. Bc2 Nd7 15. Ne3 Nf6 16. a4 a5 17. Nc4 Nfg8 18. Ne3 Qc8 19. g4 g5 20. Nf5 Nxf5 21. gxf5 Bf6 22. Bd1 Ne7 23. Qh5 Qe8 24. Re3 Rg8 25. Rg3 Rg7 26. Kh1 Ng8 27. Be2 Be7 28. Rh3 f6 29. Qg4 c6 30. c4 c5 31. Bd2 Bf8 32. Rg3 Qd8 33. Qh3 b6 34. Bh5 Ne7 35. Qg2 Kg8 36. h4 Ra7 37. hxg5 hxg5 38. Rh3 Rh7 39. Qh2 Kg7 40. Rg1 Kh8 41. Bf7 Rxh3 42. Qxh3+ Kg7 43. Qh5 Nc8 44. Qg6+ Kh8 45. Qg8# 1-0

[Event "WYCC 2018 G16"]
[Site "Halkidiki"]
[Date "2018.10.23"]
[Round "5"]
[White "Gombocz, Zsofia"]
[Black "Sanskriti Goyal"]
[Result "1-0"]
[ECO "C07"]
[WhiteElo "2038"]
[BlackElo "1971"]
[Annotator "NA"]
[PlyCount "115"]
[EventDate "2018.10.20"]
[EventType "swiss"]
[EventCountry "GRE"]
[SourceTitle "playchess.com"]
[Source "ChessBase"]
[SourceQuality "1"]
[TimeControl "40/5400+30:1800+30"]

1. e4 e6 2. d4 d5 3. Nd2 c5 4. Ngf3 cxd4 5. exd5 Qxd5 6. Bc4 Qd7 7. O-O Nc6 8. Nb3 Nf6 9. Nfxd4 a6 10. a4 Bd6 11. Re1 Qc7 12. h3 O-O 13. Bg5 Be7 14. Qe2 Bd7 $11 15. c3 Rac8 16. Bd3 h6 17. Bh4 Nd5 18. Bxe7 Ncxe7 19. Qe4 Nf6 20. Qh4 Ned5 21. a5 Rfd8 22. Rad1 Nf4 23. Bc2 N4h5 24. Nf3 Bc6 25. Re3 Nf4 26. Rde1 Rd5 27. g4 Rb5 28. Qg3 N4d5 29. Qxc7 Nxc7 30. Nfd4 Rg5 31. Nxc6 bxc6 32. f4 Rd5 33. Bd3 Rb8 34. Bc4 Rdd8 35. R3e2 Nfd5 36. Rf2 g5 37. fxg5 hxg5 38. Nd4 Nf4 39. Rxf4 gxf4 40. Nxc6 Rbc8 41. Ne7+ Kg7 42. Nxc8 Rxc8 43. Re4 Rb8 44. b4 Rh8 45. Kh2 Rc8 46. Rxf4 Nd5 47. Rd4 e5 48. Rxd5 Rxc4 49. Rc5 Re4 50. Rc6 Re3 51. Kg2 e4 52. h4 Re2+ 53. Kg3 Re1 54. Rxa6 e3 55. Kf3 e2 56. Rc6 f6 57. Rc4 Kf7 58. Kf2 1-0

[Event "WYCC 2018 G16"]
[Site "Halkidiki"]
[Date "2018.10.23"]
[Round "5"]
[White "Hercog, Nusa"]
[Black "Ortega Beltran, Ximena"]
[Result "1-0"]
[ECO "A65"]
[WhiteElo "2017"]
[BlackElo "1628"]
[Annotator "NA"]
[PlyCount "101"]
[EventDate "2018.10.20"]
[EventType "swiss"]
[EventCountry "GRE"]
[SourceTitle "playchess.com"]
[Source "ChessBase"]
[SourceQuality "1"]
[TimeControl "40/5400+30:1800+30"]

1. d4 Nf6 2. c4 c5 3. d5 e6 4. Nc3 exd5 5. cxd5 d6 6. e4 g6 7. Qa4+ Nbd7 8. Bf4 Nh5 9. Be3 a6 10. Be2 Nhf6 11. f4 Rb8 12. Qc2 b5 13. Nh3 b4 $11 14. Nd1 Qe7 15. Nhf2 Bg7 16. O-O O-O 17. Rc1 Re8 18. Bf3 Nb6 19. b3 a5 20. Re1 Bd7 21. Nb2 Bb5 22. Bd2 Qd7 23. Nc4 Nxc4 24. bxc4 Ba4 25. Qd3 h5 26. e5 dxe5 27. fxe5 Nh7 28. e6 fxe6 29. Qxg6 exd5 30. Bxd5+ Kh8 31. Ne4 Bd4+ 32. Be3 Qg4 33. Bxd4+ cxd4 34. Qd6 d3 35. Qc5 Bc2 36. h3 Qg7 37. Rf1 Rf8 38. Rce1 a4 39. Rxf8+ Rxf8 40. Qxb4 Qd4+ 41. Kh1 Rd8 42. Qd2 Rb8 43. Nd6 Rb1 44. Rxb1 Bxb1 45. Qe1 Nf6 46. Nf7+ Kg7 47. Qg3+ Kf8 48. Qb8+ Kg7 49. Qh8+ Kg6 50. Qh6+ Kf5 51. Qg5# 1-0